 Dungeon Crawl Stone Soup version 0.21.1-1-g345015f (webtiles) character file.

41075 prawnwizard the Martial Artist (level 14, -2/98 HPs)
             Began as an Octopode Transmuter on July 26, 2018.
             Was the Champion of Okawaru.
             Slain by a hornet (7 damage)
             ... while paralysed by a hornet
             ... on level 6 of the Lair of Beasts.
             The game lasted 00:58:45 (19534 turns).

prawnwizard the Martial Artist (OpTm)              Turns: 19534, Time: 00:58:46

Health: -2/98      AC:  2    Str: 10    XL:     14   Next: 13%
Magic:  25/27      EV:  5    Int: 16    God:    Okawaru [******]
Gold:   1541       SH:  0    Dex: 21    Spells: 17/31 levels left

rFire    . . .     SeeInvis .     - Unarmed
rCold    + . .     Gourm    .   (shield currently unavailable)
rNeg     + . .     Faith    .   (helmet currently unavailable)
rPois    .         Spirit   .   p - amulet of regeneration
rElec    .         Reflect  .   e - +2 ring of evasion
rCorr    +         Harm     .   L - ring of Xom's Absentmindedness {+Fly rPois rC+ rN+}
MR       ++...                  F - ring of protection from magic
Stlth    ++........             H - ring of resist corrosion
HPRegen  0.66/turn              (no ring)
MPRegen  0.20/turn              (no ring)
                                (no ring)
                                (no ring)

@: paralysed, lethally poisoned (-2 -> -3), about to teleport, spider-form,
slowed
A: tiny, almost no armour, stealthy swim, (amphibious), 8 rings, (constrict 8)
a: End Transformation, Heroism, Finesse, Renounce Religion, Evoke Flight


You were on level 6 of the Lair of Beasts.
You worshipped Okawaru.
Okawaru was exalted by your worship.
You were not hungry.
You were a venomous arachnid creature.
You visited 2 branches of the dungeon, and saw 17 of its levels.

You collected 1541 gold pieces.

Inventory:

Hand Weapons
 T - the +3 great mace of Qefoff {vamp, rF+ Str+4, unknown}
   (Okawaru gifted it to you on level 4 of the Lair of Beasts)

   It inflicts no extra harm, but heals its wielder when it wounds a living foe.
   It affects your strength (+4).
   It protects you from fire.
Missiles
 a - 339 arrows
Armour
 j - the +1 hat of the Blind Marksman (melded) {rF+ rCorr}
   (Okawaru gifted it to you on level 6 of the Lair of Beasts)

   It protects you from fire.
   It protects you from acid and corrosion.
 A - a +1 buckler
 O - a +2 hat of intelligence
Magical Staves
 k - an uncursed staff of conjuration
Jewellery
 e - a +2 ring of evasion (left front leg)
 p - an amulet of regeneration (around neck)
 F - a ring of protection from magic (on tentacle)
 H - a ring of resist corrosion (on tentacle)
 L - the ring of Xom's Absentmindedness (right front leg) {+Fly rPois rC+ rN+}
   (You found it on level 9 of the Dungeon)

   [ring of flight]

   It protects you from cold.
   It protects you from poison.
   It protects you from negative energy.
   It lets you fly.
Wands
 x - a wand of random effects (54)
 z - a wand of iceblast (4)
 C - a wand of disintegration (10)
 D - a wand of digging (20)
 J - a wand of acid (18)
Scrolls
 f - 2 scrolls of immolation
 n - 5 scrolls of enchant armour
 o - 4 scrolls of enchant weapon {unknown}
 r - 9 scrolls of teleportation
 t - 3 scrolls of fog
 y - 7 scrolls of remove curse
 I - 4 scrolls of fear
 N - 3 scrolls of acquirement {unknown}
 P - 3 scrolls of identify
 R - 2 scrolls of holy word
 U - 3 scrolls of vulnerability {unknown}
Potions
 d - a potion of experience {unknown}
 g - 4 potions of berserk rage
 h - 2 potions of mutation
 l - a potion of flight {unknown}
 m - a potion of heal wounds
 s - a potion of ambrosia {unknown}
 u - a potion of might {unknown}
 v - 2 potions of agility
 w - 2 potions of lignification {unknown}
 B - a potion of curing {unknown}
 E - a potion of magic {unknown}
 G - 5 potions of brilliance {unknown}
 K - 5 potions of invisibility
 V - 2 potions of degeneration {unknown}
Books
 b - a book of Changes

   Spells                             Type                      Level
   a - Beastly Appendage              Transmutation                1
   b - Sticks to Snakes               Transmutation                2
   c - Spider Form                    Transmutation/Poison         3
   d - Ice Form                       Ice/Transmutation            4
   e - Blade Hands                    Transmutation                5
 i - a book of Necromancy

   Spells                             Type                      Level
   a - Pain                           Necromancy                   1
   b - Animate Skeleton               Necromancy                   1
   c - Vampiric Draining              Necromancy                   3
   d - Regeneration                   Charms/Necromancy            3
   e - Animate Dead                   Necromancy                   4
   f - Borgnjor's Vile Clutch         Necromancy/Earth             5
 q - a book of Misfortune

   Spells                             Type                      Level
   a - Confusing Touch                Hexes                        1
   b - Confuse                        Hexes                        3
   c - Gell's Gravitas                Translocation                3
   d - Petrify                        Transmutation/Earth          4
   e - Metabolic Englaciation         Hexes/Ice                    5
   f - Yara's Violent Unravelling     Hexes/Transmutation          5
 M - a book of Minor Magic

   Spells                             Type                      Level
   a - Magic Dart                     Conjuration                  1
   b - Blink                          Translocation                2
   c - Call Imp                       Summoning                    2
   d - Slow                           Hexes                        2
   e - Conjure Flame                  Conjuration/Fire             3
   f - Mephitic Cloud                 Conjuration/Poison/Air       3
 Q - a book of Debilitation

   Spells                             Type                      Level
   a - Corona                         Hexes                        1
   b - Slow                           Hexes                        2
   c - Inner Flame                    Hexes/Fire                   3
   d - Portal Projectile              Hexes/Translocation          3
   e - Cause Fear                     Hexes                        4
   f - Leda's Liquefaction            Hexes/Earth                  4
 S - a book of Flames

   Spells                             Type                      Level
   a - Flame Tongue                   Conjuration/Fire             1
   b - Throw Flame                    Conjuration/Fire             2
   c - Conjure Flame                  Conjuration/Fire             3
   d - Inner Flame                    Hexes/Fire                   3
   e - Sticky Flame                   Conjuration/Fire             4
   f - Fireball                       Conjuration/Fire             5
Comestibles
 c - 42 rations
 W - 7 chunks of flesh


   Skills:
 + Level 9.7 Fighting
 + Level 9.9 Dodging
 * Level 13.7 Unarmed Combat
 + Level 9.1 Spellcasting
 - Level 2.2 Translocations
 + Level 10.0 Transmutations
 - Level 5.6 Invocations


You had 17 spell levels left.
You knew the following spells:

 Your Spells              Type           Power        Failure   Level  Hunger
a - Beastly Appendage     Tmut           #####.       1%          1    None
b - Sticks to Snakes      Tmut           #####...     2%          2    None
c - Spider Form           Tmut/Pois      ###.......   12%         3    #......
d - Confusing Touch       Hex            #.....       24%         1    None
e - Blink                 Tloc           N/A          17%         2    None
f - Blade Hands           Tmut           #####.....   13%         5    #####..


Dungeon Overview and Level Annotations

Branches:
Dungeon (11/15)            Temple (0/1) D:6            Lair (6/6) D:11
 Shoals (0/4) Lair:2        Snake (0/4) Lair:4        Slime (0/5) Lair:6
    Orc: D:9-12

Altars:
Ashenzari
Cheibriados
Dithmenos
Elyvilon
Gozag
Kikubaaqudgha
Makhleb
Okawaru
Trog
Uskayaw
Vehumet
Xom
The Shining One

Shops:
D:8 =


Innate Abilities, Weirdness & Mutations

You cannot wear most types of armour.
You are very stealthy in the water. (Stealth+)
((You are amphibious.))
You can wear up to eight rings at the same time.
((You can use your tentacles to constrict eight enemies at once.))
((Your skin changes colour to match your surroundings (Stealth+).))
((Your rubbery body absorbs attacks. (AC +1, EV +1)))


Message History

You miss the hornet.
The hornet is severely wounded.
The hornet completely misses you.
The lindwurm moves out of view.
The hornet completely misses you.
As you read the scroll of teleportation, it crumbles to dust.
You feel strangely unstable. The hornet completely misses you.
The hornet closely misses you. The hornet stings you.
You are poisoned.
You suddenly lose the ability to move!
You feel yourself speed up.
You feel sick. The hornet stings you!
* * * LOW HITPOINT WARNING * * *
You feel yourself slow down. The hornet stings you.
* * * LOW HITPOINT WARNING * * *
You feel as though you will be slow longer.
The hornet stings you!
* * * LOW HITPOINT WARNING * * *
You feel as though you will be slow longer.
The hornet stings you!
You die...

.### PP.# .. ...#
..... ..## #)k..$
#P.## .PP...# .
##..## #P..#.##
#.P #....#
#...#.## ...#
#..### #...#.#
k..# ..##
####.Pys#...# ...#
#.#....y†.# .###
####......### ###
####.#....#### #.#
#.##.....##
.#####.....#..#
..#.#....###....P#
.......###
##....... ##.P.###
####...


You could see a lindwurm (wandering) and 2 hornets.

Vanquished Creatures
  Gastronok (D:10)
  A fire dragon (Lair:6)
  Josephine (Lair:6)
  Erolcha (D:11)
  Harold (D:11)
  A hydra (D:11)
  Erica (D:10)
  A two-headed ogre (D:10)
  A death yak (D:11)
  2 lindwurms
  Pikel (D:8)
  An ugly thing (D:11)
  4 elephants (Lair:5)
  A manticore (D:11)
  5 black mambas
  7 spiny frogs
  Joseph (D:10)
  Psyche (D:11)
  2 centaur skeletons
  2 torpor snails (Lair:6)
  7 komodo dragons
  2 rime drakes (Lair:6)
  A troll (D:9)
  A tyrant leech (Lair:6)
  4 polar bears
  4 hornets (Lair:6)
  2 slime creatures (Lair:6)
  15 dream sheep
  6 hippogriffs
  12 blink frogs
  A snapping turtle (Lair:2)
  Eustachio (D:4)
  2 wyverns
  3 wraiths
  2 basilisks
  28 yaks
  2 steam dragons (Lair:6)
  2 nagas (Lair:4)
  An acid dragon (Lair:6)
  10 water moccasins
  A swamp drake (Lair:6)
  4 orc warriors
  7 porcupines
  5 ice beasts
  2 sky beasts
  A necrophage (D:9)
  A black bear (D:11)
  A phantom (D:8)
  6 ogres
  10 wolves
  6 centaurs
  7 crocodiles
  2 big kobolds
  7 bullfrogs
  A scorpion (D:7)
  16 killer bees
  A vampire bat (Lair:1)
  3 electric eels
  3 bullfrog zombies
  2 crimson imps
  3 howler monkeys
  2 centaur zombies
  3 jellies
  4 hounds
  6 orc priests
  6 orc wizards
  A bullfrog skeleton (D:11)
  3 iguanas
  12 worker ants
  2 hound skeletons
  3 gnolls (D:3)
  11 river rats (D:5)
  4 adders
  A shadow imp (D:5)
  An adder skeleton (D:4)
  A worm (D:5)
  4 dart slugs
  7 leopard geckos
  15 orcs
  5 giant cockroaches
  10 goblins
  11 hobgoblins
  7 jackals
  8 quokkas
  3 ball pythons
  15 bats
  2 frilled lizards (D:3)
  16 kobolds
  A quokka skeleton (D:5)
  22 rats
  A fungus (Lair:6)
  2 plants (Lair:6)
420 creatures vanquished.

Vanquished Creatures (others)
  3 fungi (Lair:6)
  8 plants
11 creatures vanquished.

Grand Total: 431 creatures vanquished

Notes
Turn   | Place    | Note
-------+----------+-------------------------------------------
     0 | D:1      | prawnwizard the Octopode Transmuter began the quest for the Orb.
     0 | D:1      | Reached XP level 1. HP: 13/13 MP: 3/3
   512 | D:1      | Reached XP level 2. HP: 6/18 MP: 5/5
  1275 | D:1      | Found an iron altar of Okawaru.
  1298 | D:1      | Became a worshipper of Warmaster Okawaru
  1327 | D:1      | Reached XP level 3. HP: 23/23 MP: 4/6
  2415 | D:3      | Noticed a hand axe
  2416 | D:3      | Noticed a hand axe
  2418 | D:3      | Found a hide-covered altar of Uskayaw.
  2435 | D:3      | Reached XP level 4. HP: 27/29 MP: 5/7
  2779 | D:3      | Reached skill level 4 in Unarmed Combat
  2807 | D:3      | Reached XP level 5. HP: 32/34 MP: 8/8
  2931 | D:3      | Found a glowing golden altar of the Shining One.
  3198 | D:4      | Learned a level 2 spell: Sticks to Snakes
  3202 | D:4      | Learned a level 3 spell: Spider Form
  3216 | D:4      | Found a shattered altar of Ashenzari.
  3232 | D:4      | Learned a level 1 spell: Confusing Touch
  3252 | D:4      | Found a bloodstained altar of Trog.
  3284 | D:4      | Noticed an ogre
  3291 | D:4      | Noticed Eustachio
  3292 | D:4      | Noticed an ogre
  3298 | D:4      | Killed an ogre
  3304 | D:4      | Killed an ogre
  3304 | D:4      | Reached XP level 6. HP: 20/41 MP: 3/10
  3311 | D:4      | Killed Eustachio
  3311 | D:4      | Reached * piety under Okawaru
  3311 | D:4      | Reached skill level 5 in Unarmed Combat
  3311 | D:4      | Reached XP level 7. HP: 18/45 MP: 1/11
  3784 | D:5      | Entered Level 5 of the Dungeon
  3853 | D:5      | Reached ** piety under Okawaru
  4062 | D:5      | Reached XP level 8. HP: 42/52 MP: 13/13
  4255 | D:5      | Reached skill level 6 in Unarmed Combat
  5040 | D:6      | Found a staircase to the Ecumenical Temple.
  5548 | D:6      | Reached *** piety under Okawaru
  5548 | D:6      | Reached skill level 7 in Unarmed Combat
  5608 | D:6      | Found a shattered altar of Ashenzari.
  5924 | D:7      | Reached XP level 9. HP: 52/59 MP: 12/15
  5955 | D:7      | Reached skill level 5 in Dodging
  5955 | D:7      | Reached skill level 5 in Transmutations
  6149 | D:7      | You fall through a shaft!
  6234 | D:8      | Found Casaonk's Jewellery Shop.
  6349 | D:8      | Found a snail-covered altar of Cheibriados.
  6361 | D:8      | Found a shadowy altar of Dithmenos.
  6569 | D:8      | Reached skill level 5 in Fighting
  6569 | D:8      | Reached skill level 8 in Unarmed Combat
  6588 | D:8      | Reached skill level 5 in Spellcasting
  6867 | D:8      | Found a white marble altar of Elyvilon.
  6883 | D:8      | Found a shimmering altar of Xom.
  6913 | D:8      | Noticed Pikel
  6924 | D:8      | Killed Pikel
  6924 | D:8      | Reached **** piety under Okawaru
  6936 | D:8      | Found a radiant altar of Vehumet.
  6945 | D:8      | Found a burning altar of Makhleb.
  7002 | D:8      | Found an opulent altar of Gozag.
  7002 | D:8      | Found an ancient bone altar of Kikubaaqudgha.
  7324 | D:9      | Noticed a troll
  7340 | D:9      | Killed a troll
  7383 | D:9      | Reached XP level 10. HP: 63/66 MP: 16/18
  7601 | D:9      | Got a pitted turquoise ring
  7760 | D:9      | Identified the ring of Xom's Absentmindedness {+Fly rPois rC+ rN+} (You found it on level 9 of the Dungeon)
  7810 | D:10     | Entered Level 10 of the Dungeon
  7863 | D:10     | Reached skill level 9 in Unarmed Combat
  8007 | D:10     | Noticed Erica
  8030 | D:10     | Killed Erica
  8224 | D:10     | Reached ***** piety under Okawaru
  8226 | D:10     | Noticed a two-headed ogre
  8243 | D:10     | Killed a two-headed ogre
  8680 | D:10     | Noticed Joseph
  8699 | D:10     | Killed Joseph
  8699 | D:10     | Received a gift from Okawaru
  8699 | D:10     | Reached skill level 10 in Unarmed Combat
  9103 | D:10     | Learned a level 2 spell: Blink
  9125 | D:11     | Noticed a red ugly thing
  9140 | D:11     | HP: 3/69 [red ugly thing (19)]
  9143 | D:11     | Killed a red ugly thing
  9143 | D:11     | Reached XP level 11. HP: 5/74 MP: 18/20
  9274 | D:11     | Reached skill level 1 in Translocations
  9332 | D:11     | Noticed a five-headed hydra
  9547 | D:11     | Noticed Psyche
  9708 | D:11     | Noticed Harold
  9714 | D:11     | Noticed a manticore
  9738 | D:11     | Killed a manticore
  9945 | D:11     | Killed Harold
 10008 | D:11     | Killed Psyche
 10234 | D:11     | Noticed a death yak
 10252 | D:11     | Killed a death yak
 10295 | D:11     | Noticed Erolcha
 10296 | D:11     | Noticed Gastronok
 10330 | D:11     | Killed Erolcha
 10330 | D:11     | Reached skill level 11 in Unarmed Combat
 10420 | D:10     | Killed Gastronok
 10420 | D:10     | Received a gift from Okawaru
 10420 | D:10     | Reached XP level 12. HP: 35/82 MP: 22/22
 11026 | D:11     | Killed a five-headed hydra
 11316 | D:11     | Found a staircase to the Lair.
 11431 | Lair:1   | Entered Level 1 of the Lair of Beasts
 12134 | Lair:1   | Reached ****** piety under Okawaru
 12383 | Lair:1   | Reached skill level 12 in Unarmed Combat
 12962 | Lair:2   | Found a staircase to the Shoals.
 13361 | Lair:2   | Learned a level 5 spell: Blade Hands
 13939 | Lair:3   | Reached skill level 1 in Invocations
 14531 | Lair:3   | Noticed a fire dragon
 14829 | Lair:4   | Reached XP level 13. HP: 12/89 MP: 16/25
 15076 | Lair:4   | Received a gift from Okawaru
 15079 | Lair:4   | Got a slimy great mace {god gift}
 15377 | Lair:4   | Found a staircase to the Snake Pit.
 16354 | Lair:4   | HP: 1/90 [porcupine (14)]
 16916 | Lair:5   | Received a gift from Okawaru
 16931 | Lair:5   | Reached skill level 5 in Invocations
 17162 | Lair:6   | Entered Level 6 of the Lair of Beasts
 17162 | Lair:6   | Noticed Josephine
 17215 | Lair:6   | Received a gift from Okawaru
 17224 | Lair:6   | Found a staircase to the Slime Pits.
 17560 | Lair:6   | Reached skill level 13 in Unarmed Combat
 18148 | Lair:6   | Received a gift from Okawaru
 18149 | Lair:6   | Got a slimy hat {god gift}
 18219 | Lair:6   | Identified the +1 hat of the Blind Marksman {rF+ rCorr} (Okawaru gifted it to you on level 6 of the Lair of Beasts)
 18232 | Lair:6   | Killed Josephine
 18588 | Lair:6   | Reached XP level 14. HP: 30/97 MP: 25/27
 19366 | Lair:6   | Found a runed door.
 19510 | Lair:6   | Reached skill level 10 in Transmutations
 19533 | Lair:6   | Paralysed by a hornet for 3 turns
 19534 | Lair:6   | Slain by a hornet

Skill      XL: |  1  2  3  4  5  6  7  8  9 10 11 12 13 14 |
---------------+-------------------------------------------+-----
Unarmed Combat | 4 5 7 8 10 11 12 13 | 13.7
Fighting       | 2 3 4 5 6 7 8 9 |  9.7
Dodging        | 3 4 5 7 8 9 |  9.9
Transmutations | 3 4 5 7 8 9 10 | 10.0
Spellcasting   | 3 4 5 6 7 8 9 |  9.1
Translocations | 2 |  2.2
Invocations    | 3 5 |  5.6

Action                   |  1- 3 |  4- 6 |  7- 9 | 10-12 | 13-15 || total
-------------------------+-------+-------+-------+-------+-------++-------
Melee: Unarmed           |    96 |    81 |   318 |   673 |   415 ||  1583
       Constrict         |    39 |    20 |    46 |    34 |    33 ||   172
       Tentacles         |    21 |    10 |    25 |    24 |    47 ||   127
       Punch             |     4 |     3 |    11 |    13 |    17 ||    48
       Kick              |     9 |    10 |    28 |    32 |       ||    79
 Cast: Beastly Appendage |     7 |     5 |    11 |    13 |       ||    36
       Spider Form       |       |     2 |    15 |    53 |    14 ||    84
       Confusing Touch   |       |       |     1 |     1 |       ||     2
       Blade Hands       |       |       |       |       |    22 ||    22
Invok: Heroism           |       |       |       |     1 |     1 ||     2
       Finesse           |       |       |       |     1 |       ||     1
Evoke: Wand              |       |       |       |     6 |       ||     6
  Use: Scroll            |       |       |       |    19 |     4 ||    23
       Potion            |       |       |       |     1 |     1 ||     2
 Stab: Sleeping          |     8 |     2 |     8 |     3 |     1 ||    22
       Confused          |       |       |     3 |     2 |       ||     5
  Eat: Chunk             |     5 |     3 |    15 |    25 |    18 ||    66
       Ration            |       |       |       |       |     1 ||     1
Armor: Skin              |    10 |     5 |    12 |    21 |    15 ||    63
Dodge: Dodged            |    64 |    69 |   232 |   624 |   404 ||  1393
